 Dungeon Crawl Stone Soup version 0.25-a0-565-g8875c97ebb (webtiles) character file.

Game seed: 13609715268551459697, levelgen mode: deterministic

779 Flugslaktarn the Chopper (level 7, -6/67 HPs)
             Began as a Deep Dwarf Fighter on Feb 26, 2020.
             Was an Initiate of Makhleb.
             Mangled by Pikel
             ... wielding a +0 whip of electrocution
              (12 damage)
             ... on level 5 of the Dungeon.
             The game lasted 00:01:18 (1235 turns).

Flugslaktarn the Chopper (Deep Dwarf Fighter)       Turns: 1235, Time: 00:01:19

Health: -6/67      AC:  8    Str: 21    XL:     7   Next: 54%
Magic:  4/4        EV:  7    Int:  9    God:    Makhleb [......]
Gold:   120        SH: 10    Dex: 12    Spells: 6/6 levels left

rFire    . . .     SeeInvis .   a - +0 war axe
rCold    . . .     Gourm    .   c - +0 kite shield
rNeg     . . .     Faith    .   b - +0 scale mail
rPois    .         Spirit   .   (no helmet)
rElec    .         Reflect  .   (no cloak)
rCorr    .         Harm     +   (no gloves)
MR       +....                  q - +0 pair of boots (curse)
Stlth    ..........             g - amulet of harm
HPRegen  0.00/turn              (no ring)
MPRegen  0.09/turn              (no ring)

@: non-regenerating
A: damage resistance, heal wounds, sense surroundings 1, no regeneration
a: Heal Wounds, Renounce Religion


You were on level 5 of the Dungeon.
You worshipped Makhleb.
Makhleb was noncommittal.
You were not hungry.

You visited 2 branches of the dungeon, and saw 6 of its levels.

You collected 120 gold pieces.

Inventory:

Hand Weapons
 a - a +0 war axe (weapon)
Armour
 b - a +0 scale mail (worn)
 c - a +0 kite shield (worn)
 q - a cursed +0 pair of boots (worn)
   (You found it on level 3 of the Dungeon)
Jewellery
 f - an uncursed amulet of regeneration {unknown}
   (You found it on level 4 of the Dungeon)
 g - an amulet of harm (around neck)
   (You found it on level 1 of the Dungeon)
Scrolls
 j - 3 scrolls of identify {unknown}
 k - a scroll of fear {unknown}
 m - 3 scrolls of teleportation {unknown}
 o - a scroll of blinking {unknown}
 r - a scroll of remove curse {unknown}
Potions
 d - a potion of might
 h - 2 potions of stabbing {unknown}
 i - 3 potions of curing {unknown}
 l - 2 potions of brilliance {unknown}
 n - a potion of haste {unknown}
 p - a potion of flight {unknown}
 t - a potion of mutation {unknown}
Comestibles
 e - 4 rations
 s - 2 chunks of flesh


   Skills:
 * Level 5.1 Fighting
 * Level 5.7 Axes
 + Level 4.9 Armour
 + Level 4.9 Shields
 + Level 1.5 Invocations


You had 6 spell levels left.
You didn't know any spells.
Your spell library was empty.

Dungeon Overview and Level Annotations

Branches:
Dungeon (5/15)             Temple (1/1) D:4

Altars:
Cheibriados
Dithmenos
Fedhas
Gozag
Hepliaklqana
Kikubaaqudgha
Makhleb
Nemelex Xobeh
Okawaru
Qazlal
Ru
Sif Muna
Uskayaw
Wu Jian
Xom
Zin

Shops:
D:4 (

Annotations:
D:5 Pikel


Innate Abilities, Weirdness & Mutations

You are resistant to damage.
You can heal yourself by infusing magical energy.
You passively map a small area around you.
You do not regenerate.


Message History

* * * LOW HITPOINT WARNING * * *
The slave hits you.
* * * LOW HITPOINT WARNING * * *
You block the slave's attack.
You are too injured to fight recklessly!
You are too injured to fight recklessly!
You are too injured to fight recklessly!
You are too injured to fight recklessly!
You are too injured to fight recklessly!
You are too injured to fight recklessly!
You are too injured to fight recklessly!
You are too injured to fight recklessly!
You are too injured to fight recklessly!
You fail to use your ability.
You block the slave's attack. Pikel completely misses you.
You block the slave's attack. The slave closely misses you.
Pikel hits you with a +0 whip of electrocution.
* * * LOW HITPOINT WARNING * * *
You are electrocuted!
You die...

*
.........#####
,.............#
....(..<.....#
#.####.......#
* * #.......#
,# #..)....# #.
#.....<.# * .
#.######.#####
..#.......@#
........[Kp#
,#........p.#
#.........p# ,
#.....)....# ,
......).####
........#
**?.......#
........#


You could see Pikel and 3 slaves.

Vanquished Creatures
  An ogre (D:4)
  A sky beast (D:4)
  A slave (D:5)
  2 phantoms (D:4)
  Blork the orc (D:5)
  A howler monkey (D:4)
  2 orc priests (D:4)
  A hound (D:4)
  2 orc wizards (D:4)
  3 worker ants (D:4)
  4 adders
  An ooze (D:2)
  An adder skeleton (D:4)
  2 dart slugs
  2 leopard geckos
  7 orcs
  A giant cockroach (D:3)
  2 goblins
  5 hobgoblins (D:2)
  2 jackals (D:2)
  2 quokkas (D:4)
  A ball python (D:2)
  5 bats
  2 jackal skeletons (D:4)
  4 rats
56 creatures vanquished.

Notes
Turn   | Place    | Note
-------+----------+-------------------------------------------
     0 | D:1      | Flugslaktarn the Deep Dwarf Fighter began the quest for the
                  | Orb.
     0 | D:1      | Reached XP level 1. HP: 20/20 MP: 1/1
   114 | D:2      | Reached XP level 2. HP: 17/27 MP: 2/2
   229 | D:2      | Reached XP level 3. HP: 28/34 MP: 2/2
   515 | D:4      | Noticed a phantom
   532 | D:4      | Killed a phantom
   532 | D:4      | Reached XP level 4. HP: 44/44 MP: 3/3
   532 | D:4      | Reached XP level 5. HP: 50/50 MP: 4/4
   542 | D:4      | Noticed an ogre
   543 | D:4      | Found Qohije Yrch's Antique Weapon Shop.
   567 | D:4      | Reached XP level 6. HP: 35/57 MP: 4/4
   647 | D:4      | Found a shimmering altar of Xom.
   729 | D:4      | Reached skill level 5 in Axes
   732 | D:4      | Reached XP level 7. HP: 55/66 MP: 4/4
   744 | D:4      | Found a staircase to the Ecumenical Temple.
   878 | Temple   | Entered the Ecumenical Temple
   907 | Temple   | Became a worshipper of Makhleb the Destroyer
   989 | D:4      | Reached skill level 1 in Invocations
  1091 | D:4      | Reached skill level 5 in Fighting
  1183 | D:5      | Entered Level 5 of the Dungeon
  1183 | D:5      | Noticed Blork the orc
  1197 | D:5      | Killed Blork the orc
  1210 | D:5      | Noticed Pikel
  1235 | D:5      | Mangled by Pikel

Levels and vault maps discovered:
D:1:      scummos_arrival_simple_crosswalls, layout_basic, minmay_pentomino_v2
D:2:      layout_rooms, nicolae_qazlal_eye_of_the_storm
D:3:      layout_rooms, chequers_ecumenical_altar_grove, first_ration
D:4:      layout_cave_pools, marbit_many_paths, minmay_temple_entry_arrows,
          serial_shops, shop, grunt_tough_drop
D:5:      layout_basic, serial_shops, nicolae_shop_stone, uniq_pikel,
          uniq_blork_the_orc
Temple:   grunt_wide_crystal_templ

Skill      XL: |  1  2  3  4  5  6  7 |
---------------+----------------------+-----
Fighting       | 3 4 5 |  5.1
Axes           | 3 4 5 |  5.7
Shields        | 4 |  4.9
Armour         | 4 |  4.9
Invocations    | 1 |  1.5

Action                   |  1- 3 |  4- 6 |  7- 9 || total
-------------------------+-------+-------+-------++-------
Melee: War axe           |   110 |    44 |    52 ||   206
 Abil: Heal Wounds       |     3 |     3 |     3 ||     9
  Eat: Chunk             |       |       |     2 ||     2
Armor: Scale mail        |    62 |    24 |    36 ||   122
Dodge: Dodged            |    53 |    13 |    27 ||    93
Block: Kite shield       |    62 |    30 |    36 ||   128

Table legend:
 A = Non-vault XP
 B = Vault XP
 C = Vault XP percentage of total XP
 D = Non-vault monster count
 E = Vault monster count
 F = Vault count percentage of total count
                 A         B        C        D         E       F
            +---------+---------+-------+---------+---------+-------
      Total |     971 |     143 |  12.8 |      52 |       3 |   5.5
            +---------+---------+-------+---------+---------+-------
        D:1 |       6 |       0 |   0.0 |       3 |       0 |   0.0
        D:2 |      53 |       0 |   0.0 |      15 |       0 |   0.0
        D:3 |      33 |       0 |   0.0 |      10 |       0 |   0.0
        D:4 |     864 |      43 |   4.7 |      19 |       2 |   9.5
        D:5 |      15 |     100 |  87.0 |       5 |       1 |  16.7
            +---------+---------+-------+---------+---------+-------
